 Dungeon Crawl Stone Soup version 0.29-a0-275-g389c0b56f3 (webtiles) character file.

Game seed: 10861253590978037349

140 rabbitsville the Sneak (level 5, 0/25 HPs)
             Began as a Spriggan Brigand on Mar 10, 2022.
             Slain by a necrophage (6 damage)
             ... on level 4 of the Dungeon.
             The game lasted 00:11:53 (2220 turns).

rabbitsville the Sneak (Spriggan Brigand)           Turns: 2220, Time: 00:11:53

Health: 0/25       AC:  3    Str:  7    XL:     5   Next: 2%
Magic:  6/6        EV: 16    Int: 12    God:
Gold:   51         SH:  0    Dex: 19    Spells: 4/4 levels left

rFire   . . .      SeeInvis +   g - +2 dagger (venom)
rCold   . . .      Faith    .   (no shield)
rNeg    . . .      Spirit   .   b - +0 robe
rPois   .          Reflect  .   (helmet restricted)
rElec   .          Harm     .   c - +0 cloak
rCorr   .          Rampage  .   (gloves unavailable)
Will    +....                   (boots unavailable)
Stlth   ++++......              (no amulet)
HPRegen 0.08/turn               p - ring of willpower
MPRegen 0.10/turn               (no ring)

@: very quick
A: very small, no large weapons, unfitting armour, see invisible, speed 3
a: no special abilities


You were on level 4 of the Dungeon.
You visited 1 branch of the dungeon, and saw 5 of its levels.

You collected 129 gold pieces.
You spent 78 gold pieces at shops.

Inventory:

Hand Weapons
 a - a +2 dagger
 g - a +2 dagger of venom (weapon)
 s - a +0 hand crossbow
Missiles
 d - 6 poisoned darts
 e - 3 curare-tipped darts (quivered)
Armour
 b - a +0 robe (worn)
 c - a +0 cloak (worn)
Jewellery
 p - a ring of willpower (left hand)
Wands
 u - a wand of digging (3)
Scrolls
 f - a scroll of teleportation {unknown}
 i - a scroll of blinking {unknown}
 l - a scroll of amnesia {unknown}
 m - a scroll of brand weapon {unknown}
 n - 3 scrolls of identify {unknown}
 q - a scroll of noise {unknown}
 r - a scroll of enchant armour {unknown}
Potions
 h - 2 potions of mutation {unknown}
 j - 3 potions of heal wounds {unknown}
 k - 4 potions of curing
 o - 2 potions of lignification
 t - a potion of magic {unknown}


   Skills:
 - Level 1.5 Fighting
 + Level 3.3 Short Blades
 * Level 4.0 Throwing
 - Level 1.3 Dodging
 + Level 7.0 Stealth


You had 4 spell levels left.
You didn't know any spells.
Your spell library contained the following spells:

 Spells                   Type           Power      Damage    Failure   Level
 Conjure Ball Lightning   Conj/Air       0%         3x3d6     100%        6
 Discord                  Hex            0%         N/A       100%        8
 Disjunction              Tloc           0%         N/A       100%        8


Dungeon Overview and Level Annotations

Branches:
Dungeon (5/15)
 Temple: D:4-7

Altars:
Xom

Shops:
D:2 !


Innate Abilities, Weirdness & Mutations

You are very small and have problems with some larger weapons.
You are too small for most types of armour.
You have supernaturally acute eyesight. (SInv)
You cover ground extremely quickly. (Speed+++)


Message History

The necrophage barely misses you.
You closely miss the necrophage.
The necrophage is heavily damaged.
The necrophage barely misses you.
You hit the necrophage.
The necrophage is heavily damaged.
The necrophage hits you.
You hit the necrophage.
The necrophage is heavily damaged.
You hit the necrophage.
The necrophage is severely damaged.
The necrophage misses you.
You closely miss the necrophage.
The necrophage is severely damaged.
The necrophage barely misses you.
You completely miss the necrophage.
The necrophage is severely damaged.
The necrophage barely misses you.
You hit the necrophage.
The necrophage is severely damaged.
The necrophage misses you.
You closely miss the necrophage.
The necrophage is severely damaged.
The necrophage hits you.
* * * LOW HITPOINT WARNING * * *
You closely miss the necrophage.
The necrophage is severely damaged.
The necrophage misses you.
You closely miss the necrophage.
The necrophage is severely damaged.
You hit the necrophage.
The necrophage is almost destroyed.
The necrophage barely misses you.
You hit the necrophage.
The necrophage is almost destroyed.
The necrophage closely misses you.
You hit the necrophage.
The necrophage is almost destroyed.
The necrophage hits you.
You die...

#...$##.####.#
.#
#._..##S...#...
#?.............#
#.P.#..##......#
#...#####.####..
##........####
#............
#†..n........
##>...@.......
#....####.....
###### ... .


You could see a necrophage.

Vanquished Creatures
  Ijyb (D:5)
  2 gnolls (D:3)
  6 adders
  A dart slug (D:1)
  2 orcs (D:3)
  An endoplasm (D:1)
  2 giant cockroaches
  4 goblins
  2 hobgoblins (D:2)
  3 jackals
  2 quokkas
  4 ball pythons
  A ball python skeleton (D:3)
  3 bats
  A frilled lizard (D:1)
  2 kobolds
  4 rats (D:2)
41 creatures vanquished.

Notes
Turn   | Place    | Note
-------+----------+-------------------------------------------
     0 | D:1      | rabbitsville the Spriggan Brigand began the quest for the
                  | Orb.
     0 | D:1      | Reached XP level 1. HP: 10/10 MP: 2/2
   237 | D:1      | Reached skill level 6 in Stealth
   253 | D:1      | Reached XP level 2. HP: 9/14 MP: 3/3
   634 | D:2      | Identified the +5 ring mail "Musuf" {Harm rN+++ Int-4}
   678 | D:2      | Found Ukaukij's Distillery.
   708 | D:2      | Bought a potion of curing for 39 gold pieces
   708 | D:2      | Bought a potion of lignification for 39 gold pieces
   710 | D:2      | Found a faded altar of an unknown god.
   886 | D:2      | Reached XP level 3. HP: 6/18 MP: 4/4
  1490 | D:3      | Reached XP level 4. HP: 17/22 MP: 5/5
  1884 | D:4      | Found a shimmering altar of Xom.
  1904 | D:4      | Noticed a necrophage
  1956 | D:5      | Entered Level 5 of the Dungeon
  1956 | D:5      | Noticed Ijyb
  1957 | D:5      | Killed Ijyb
  1958 | D:5      | Reached skill level 7 in Stealth
  1958 | D:5      | Reached XP level 5. HP: 10/25 MP: 6/6
  2111 | D:5      | Noticed an ogre
  2111 | D:5      | Noticed an ogre
  2220 | D:4      | Slain by a necrophage

Illustrated notes

Levels and vault maps discovered:
D:1:      dpeg_arrival_radiant, layout_rooms
D:2:      layout_rooms, dreamdust_ecumenical_altar_statues, serial_shops, shop
D:3:      layout_loops_corners, cheibrodos_ashenzari_chains,
          grunt_temple_overflow_open, serial_undead, serial_undead_d,
          serial_undead_e, serial_undead_f, serial_undead_f, serial_undead_d,
          roderic_serpentine_path
D:4:      layout_rooms, tso_altar, mainiacjoe_overflow_tiny_flanked,
          ebering_ghost_inner_flame, uniq_crazy_yiuf_cottage, uniq_edmund,
          uniq_pikel
D:5:      layout_cave_pools, kennysheep_mini,
          mainiacjoe_overflow_catwalk_spiral, old_standard_altar,
          minmay_temple_entry_hall, grunt_tough_drop, uniq_ijyb

Skill      XL: |  1  2  3  4  5 |
---------------+----------------+-----
Stealth        | 6 7 |  7.0
Throwing       | 3 4 |  4.0
Short Blades   | 3 |  3.3
Fighting       | |  1.5
Dodging        | |  1.3

Action                   |  1- 3 |  4- 6 || total
-------------------------+-------+-------++-------
Melee: Dagger            |    50 |    51 ||   101
       Punch             |       |     1 ||     1
 Fire: Hand crossbow     |       |     2 ||     2
Throw: Dart              |    12 |     7 ||    19
 Stab: Sleeping          |     8 |     1 ||     9
Armor: Robe              |     3 |     4 ||     7
Dodge: Dodged            |    30 |    41 ||    71

Table legend: (Time is in decaauts)
 A = Elapsed time spent in this place.
 B = Non-inter-level travel time spent in this place.
 C = Inter-level travel time spent in this place.
 D = Time resting spent in this place.
 E = Time spent auto-exploring this place.
 F = Levels seen in this place.
 G = Mean time per level.
                   A        B        C        D        E       F      G
               +--------+--------+--------+--------+--------+-----+--------+
         Total |   1758 |   1742 |     16 |    910 |    164 |   5 |  351.6 |
       Dungeon |   1758 |   1742 |     16 |    910 |    164 |   5 |  351.6 |
               +--------+--------+--------+--------+--------+-----+--------+

Top non-repeatable levels by time:
     D:2: 635 daAuts
     D:1: 427 daAuts
     D:3: 404 daAuts
     D:5: 221 daAuts
     D:4: 70 daAuts
